 Dungeon Crawl Stone Soup version 0.17.0-24-gcfadda4 (webtiles) character file.

501 Vanger the Ruffian (level 6, -2/62 HPs)
             Began as a Troll Berserker on Nov 17, 2015.
             Was a Priest of Trog.
             Shot with an arrow by a centaur (12 damage)
             ... on level 5 of the Dungeon.
             The game lasted 00:42:28 (3614 turns).

Vanger the Ruffian (Troll Berserker)                Turns: 3614, Time: 00:42:29

Health: -2/62      AC:  5    Str: 27    XL:     6   Next: 95%
Magic:  5/5        EV: 11    Int:  3    God:    Trog [***...]
Gold:   240        SH:  0    Dex: 10    Spells: 0 memorised, 5 levels left

rFire  . . .     SeeInvis .     m - +2 spear
rCold  . . .     Clarity  .     p - +0 robe
rNeg   . . .     SustAt   .     (no shield)
rPois  +         Gourm    +     (helmet restricted)
rElec  .         Spirit   .     (no cloak)
rCorr  .         Warding  .     (gloves unavailable)
rMut   .         Stasis   .     (boots unavailable)
MR     .....                    (no amulet)
Stlth  +.........               q - ring of poison resistance
                                c - ring of wizardry

@: not resistant to hostile enchantments, very unstealthy
A: unfitting armour, claws 3, fast metabolism 3, gourmand, regeneration 2,
shaggy fur 1, tough skin 2
a: Berserk, Trog's Hand, Burn Spellbooks, Renounce Religion


You were on level 5 of the Dungeon.
You worshipped Trog.
Trog was most pleased with you.
You were not hungry.

You visited 1 branch of the dungeon, and saw 5 of its levels.

You collected 240 gold pieces.

Inventory:

Hand Weapons
 m - a +2 spear (weapon)
Armour
 a - a +0 animal skin
 p - a +0 robe (worn)
Jewellery
 c - a ring of wizardry (left claw)
 q - a ring of poison resistance (right claw)
Wands
 f - a wand of slowing (20)
 s - a wand of digging (11)
Scrolls
 d - 3 scrolls of teleportation
 e - a scroll of immolation
 o - 2 scrolls of remove curse
 r - a scroll of identify
 t - 2 scrolls of fear
Potions
 g - a potion of mutation {unknown}
 h - a potion of might
 j - a potion of agility {unknown}
 k - a potion of cancellation
 l - a potion of heal wounds
 n - a potion of brilliance {unknown}
 u - a potion of haste {unknown}
Comestibles
 b - 6 bread rations


   Skills:
 + Level 4.1 Fighting
 + Level 4.4 Dodging
 + Level 0.6 Stealth
 + Level 4.8 Unarmed Combat


You had 5 spell levels left.
You didn't know any spells.

Dungeon Overview and Level Annotations

Branches:
Dungeon (5/15)             Temple (0/1) D:5

Altars:
Cheibriados
Kikubaaqudgha

Annotations:
D:5 Menkaure


Innate Abilities, Weirdness & Mutations

You are too large for most types of armour.
You have claws for hands.
Your metabolism is lightning-fast.
You like to eat raw meat.
You heal very quickly.
You are covered in fur (AC +1).
You have very tough skin (AC +2).


Message History

This armour is too small for you!
You drop a pair of runed boots.
An orc and a centaur come into view.
The centaur shouts!
The centaur wields a shortbow.
The centaur shoots an arrow.
The arrow hits you!
There is an open door, spattered with blood here.
You see here an arrow.
The centaur shoots an arrow.
The arrow misses you.
The centaur shoots an arrow.
The arrow barely misses you.
You see here 2 arrows.
The centaur shoots an arrow.
The arrow hits you!
You see here an arrow.
The centaur shoots an arrow.
The arrow hits you!
You see here an arrow.
The centaur shoots an arrow.
The arrow hits you.
The centaur shoots an arrow.
The arrow hits you!
* * * LOW HITPOINT WARNING * * *
You see here 3 arrows.
The centaur shoots an arrow.
The arrow hits you!
You die...

#...............+ .. ##
#####...###..#### . ..
....#.#####..# #.#.......[# ..
###.#........# ## ...)#........#
##############.#(###..#
........######..(############
.........#......@(.....>....#####
.........#..#####.(..............
.##......#. #...#...........#.#
.#####'### #.#.#...........#.#
.##.....# #.#.#.....<.....#.###
..#.....# .o#.#..c........#...
..#.....#######.#.##....###.#.#
.##.....##...##...##....#.....#
###.....##...#.....#..........#


You could see a centaur.

Vanquished Creatures
  Grinder (D:3)
  A jelly (D:5)
  Ijyb (D:3)
  A centaur skeleton (D:5)
  An orc wizard (D:3)
  3 gnolls (D:3)
  8 adders
  A worm (D:3)
  2 giant geckos
  7 orcs
  2 ball pythons
  2 giant cockroaches
  8 goblins
  11 hobgoblins
  4 jackals
  6 kobolds
  3 quokkas
  10 bats
  3 giant newts
  10 rats
85 creatures vanquished.

Notes
Turn   | Place    | Note
--------------------------------------------------------------
     0 | D:1      | Vanger the Troll Berserker began the quest for the Orb.
     0 | D:1      | Reached XP level 1. HP: 22/22 MP: 0/0
   201 | D:1      | Reached XP level 2. HP: 29/29 MP: 1/1
   780 | D:1      | Reached ** piety under Trog
  1002 | D:2      | Reached XP level 3. HP: 33/36 MP: 2/2
  1514 | D:3      | Reached XP level 4. HP: 27/45 MP: 3/3
  1943 | D:3      | Found a snail-covered altar of Cheibriados.
  2061 | D:3      | Reached XP level 5. HP: 51/53 MP: 4/4
  2067 | D:3      | Noticed Grinder
  2072 | D:3      | Reached *** piety under Trog
  2072 | D:3      | Reached skill level 4 in Unarmed Combat
  2102 | D:3      | Paralysed by Grinder for 2 turns
  2114 | D:3      | Paralysed by Grinder for 3 turns
  2150 | D:3      | Paralysed by Grinder for 4 turns
  2182 | D:3      | Killed Grinder
  2182 | D:3      | Reached XP level 6. HP: 43/62 MP: 5/5
  2263 | D:3      | Noticed Ijyb
  2270 | D:3      | Killed Ijyb
  2862 | D:4      | Found an ancient bone altar of Kikubaaqudgha.
  2980 | D:5      | Entered Level 5 of the Dungeon
  3205 | D:5      | Found a staircase to the Ecumenical Temple.
  3547 | D:5      | Noticed Menkaure
  3614 | D:5      | Shot with an arrow by a centaur

Action                   |  1- 3 |  4- 6 || total
-------------------------+-------+-------++-------
Melee: Unarmed           |   100 |    99 ||   199
       Spear             |       |    43 ||    43
  Use: Scroll            |     8 |     7 ||    15
       Potion            |       |     5 ||     5
 Stab: Sleeping          |       |     1 ||     1
  Eat: Chunk             |    15 |     8 ||    23
       Meat ration       |       |     1 ||     1
       Bread ration      |       |     1 ||     1
       Fruit             |       |     1 ||     1
